 Dungeon Crawl Stone Soup version 0.20.0-10-g0535bb4 (webtiles) character file.

92563 Kosschaser the Severer (level 16, -1/151 HPs)
             Began as a Hill Orc Berserker on June 5, 2017.
             Was a High Priest of Trog.
             Slain by a thorn hunter (12 damage)
             ... on level 4 of the Swamp.
             The game lasted 01:27:26 (23290 turns).

Kosschaser the Severer (Hill Orc Berserker)        Turns: 23290, Time: 01:27:27

Health: -1/151     AC: 19    Str: 25    XL:     16   Next: 6%
Magic:  16/16      EV: 12    Int:  7    God:    Trog [*****.]
Gold:   2202       SH: 19    Dex: 15    Spells: 15/15 levels left

rFire    . . .     SeeInvis +   L - +10 war axe "Muimyxt" {venom, Str+3 Stlth+}
rCold    . . .     Gourm    +   K - +5 shield {reflect}
rNeg     . . .     Faith    .   a - +2 ring mail {rPois}
rPois    +         Spirit   .   I - +2 hat
rElec    +         Reflect  +   g - +2 cloak
rCorr    +         Harm     .   C - +0 pair of gloves
MR       ++...                  s - +0 pair of boots
Stlth    +.........             X - amulet of the gourmand
Regen    0.4/turn               n - ring of protection from magic
MPRegen  0.2/turn               u - ring of resist corrosion

@: about to teleport, grasped by roots, berserk cooldown, starving, very slow
A: antennae 1, icy blue scales 1, see invisible, electricity resistance, wild
magic 1, evolution 1
a: Berserk, Trog's Hand, Brothers in Arms, Burn Spellbooks, Renounce Religion


You were on level 4 of the Swamp.
You worshipped Trog.
Trog was extremely pleased with you.
You were starving.

You visited 5 branches of the dungeon, and saw 24 of its levels.
You also visited: Bailey.

You collected 2202 gold pieces.

Inventory:

Hand Weapons
 H - a +1 vampiric broad axe
 L - the +10 war axe "Muimyxt" (weapon) {venom, Str+3 Stlth+}
   (Trog gifted it to you on level 3 of the Swamp)

   It poisons the flesh of those it strikes.
   It affects your strength (+3).
   It makes you more stealthy.
 O - a +4 hand axe of electrocution
 T - the +9 hand axe of Discord {chop, -Tele +Rage rElec Dex+4}
   (Trog gifted it to you on level 2 of the Lair of Beasts)

   It inflicts extra damage upon your enemies.
   It affects your dexterity (+4).
   It insulates you from electricity.
   It lets you go berserk.
   It prevents most forms of teleportation.
Armour
 a - a +2 ring mail of poison resistance (worn)
 g - a +2 cloak (worn)
 s - a +0 pair of boots (worn)
 C - a +0 pair of gloves (worn)
 E - a scarf of repulsion
 I - a +2 hat (worn)
 K - a +5 shield of reflection (worn)
Jewellery
 n - a ring of protection from magic (left hand)
 u - a ring of resist corrosion (right hand)
 A - the ring of Abuloag {rN+ SInv}
   (You acquired it on level 3 of the Lair of Beasts)

   [ring of positive energy]

   It protects you from negative energy.
   It lets you see invisible.
 U - an uncursed ring of protection from cold
 W - an uncursed amulet of guardian spirit {unknown}
 X - an amulet of the gourmand (around neck)
Wands
 e - a wand of enslavement (10/24)
 z - a wand of flame (15/48)
 G - a wand of digging (8/24)
 S - a wand of lightning (10/15)
 Z - a wand of iceblast (4/15)
Scrolls
 b - 15 scrolls of remove curse
 k - 2 scrolls of blinking
 p - 4 scrolls of magic mapping
 q - 3 scrolls of teleportation
 x - a scroll of fear
 y - a scroll of recharging
 F - 2 scrolls of fog
 P - a scroll of enchant armour
 R - a scroll of amnesia
 Y - a scroll of identify
Potions
 d - 4 potions of heal wounds
 h - 4 potions of magic
 i - 2 potions of ambrosia
 j - 5 potions of brilliance
 m - 7 potions of curing {unknown}
 o - 3 potions of lignification {unknown}
 t - a potion of mutation {unknown}
 v - 5 potions of flight {unknown}
 w - 2 potions of degeneration {unknown}
 B - 3 potions of berserk rage {unknown}
 D - 2 potions of agility {unknown}
 M - 3 potions of might {unknown}
 Q - a potion of cancellation {unknown}
 V - a potion of invisibility {unknown}
Books
 J - a book of Fire

   Spells                             Type                      Level
   a - Ignite Poison                  Fire/Transmutation/Poison    3
   b - Fireball                       Conjuration/Fire             5
   c - Bolt of Fire                   Conjuration/Fire             6
   d - Ring of Flames                 Charms/Fire                  7
   e - Ignition                       Fire                         8
   Trog disapproves of the use of such an item.
Miscellaneous
 N - a box of beasts
Comestibles
 c - 16 bread rations
 f - 10 meat rations
 l - 35 fruits
 r - 9 royal jellies


   Skills:
 + Level 16.2 Fighting
 + Level 19.4 Axes
 + Level 10.5 Armour
 * Level 10.2 Dodging
 + Level 15.1 Shields
 + Level 0.2 Evocations


You had 15 spell levels left.
You didn't know any spells.

Dungeon Overview and Level Annotations

Branches:
Dungeon (11/15)            Temple (1/1) D:7            Lair (6/6) D:8
  Swamp (4/4) Lair:2        Snake (0/4) Lair:3        Slime (0/5) Lair:6
    Orc (2/2) D:9             Elf (0/3) Orc:2

Altars:
Ashenzari
Cheibriados
Dithmenos
Elyvilon
Fedhas
Gozag
Hepliaklqana
Kikubaaqudgha
Makhleb
Nemelex Xobeh
Okawaru
Qazlal
Ru
Sif Muna
Trog
Uskayaw
Vehumet
Xom
Yredelemnul
Zin
The Shining One

Shops:
Orc:2 :=%=%*:=

Annotations:
D:11 Josephine
Lair:5 exclusion: 4 oklob plants


Innate Abilities, Weirdness & Mutations

You have a pair of small antennae on your head.
You are partially covered in icy blue scales. (AC +2)
You have supernaturally acute eyesight. (SInv)
You are resistant to electric shocks. (rElec)
Your spells are a little harder to cast, but a little more powerful.
You evolve.


Message History

The thorn hunter closely misses you. You block the thorn hunter's attack.
The ground creaks as gnarled roots bulge its surface.
The thorn hunter fires a volley of thorns at you.
The volley of thorns hits you!
The thorn hunter gestures.
Thorny briars emerge from the ground!
As you read the scroll of teleportation, it crumbles to dust.
You feel strangely unstable.
You feel yourself speed up.
The thorn hunter hits you but does no damage.
You block the thorn hunter's attack.
The thorn hunter fires a volley of thorns at you.
The volley of thorns hits you!
* * * LOW HITPOINT WARNING * * *
You enter the shallow water.
Moving in this stuff is going to be slow.
The shambling mangrove hits you!
* * * LOW HITPOINT WARNING * * *
The thorn hunter hits you!
You die...

♣......[..≈♣♣≈≈.♣♣#
♣.≈≈§.♣....♣.≈♣♣#
♣≈≈≈≈♣♣♣♣.§≈≈♣#
♣♣...♣♣♣PPP≈♣#
♣♣≈§P♣PPPP.♣
♣♣♣♣P≈≈≈§♣#
♣P†.†§♣# ♣♣♣§†≈.♣
♣.≈≈≈@♣# ♣≈≈≈≈ff♣#
♣≈≈≈≈.D§#
♣≈≈≈≈≈♣D♣##{
♣≈≈..≈♣♣D≈§##.##≈.
♣≈≈≈.♣♣♣♣♣♣.§.≈.≈..
≈≈≈≈≈♣ ♣♣≈♣.♣.♣.
..≈.≈♣ ♣.... ♣...
..≈.♣


You could see a thorn hunter, a shambling mangrove, a seven-headed hydra, a
five-headed hydra and a four-headed hydra.

Vanquished Creatures
  Donald (Swamp:1)
  A thorn hunter (Swamp:3)
  9 hydras
  2 ghost crabs (Swamp:4)
  3 catoblepae
  7 alligators
  3 two-headed ogres
  Urug (D:11)
  3 death yaks (Lair:6)
  10 spriggans (Swamp:2)
  4 spriggan druids
  9 swamp dragons
  3 shambling mangroves
  An ugly thing (D:11)
  A cyclops (D:11)
  A centaur zombie (D:11)
  The ghost of Kosschaser the Cleaver, a novice HOBe of Trog (D:5)
  2 black mambas
  9 elephants (Lair:6)
  2 gargoyles (D:11)
  A torpor snail (Lair:5)
  14 spiny frogs
  A rime drake (Lair:4)
  3 komodo dragons
  5 polar bears (Lair:2)
  3 trolls
  5 tyrant leeches
  Grinder (D:6)
  12 hornets
  32 blink frogs
  11 slime creatures (Swamp:2)
  6 bog bodies
  8 hippogriffs
  41 yaks
  Sigmund (D:4)
  A wraith (D:11)
  5 wyverns
  Eustachio (D:4)
  A human (D:7)
  3 basilisks
  2 hogs (D:7)
  Grum (Lair:1)
  12 vampire mosquitoes
  A hungry ghost (D:5)
  Menkaure (D:6)
  A warg (Orc:2)
  8 nagas (Lair:3)
  20 swamp worms
  22 insubstantial wisps
  15 water moccasins
  Duvessa (D:4)
  2 hell hounds (D:8)
  8 porcupines
  7 swamp drakes
  3 sky beasts
  4 phantoms
  2 ice beasts
  13 orc warriors
  8 ogres
  15 centaurs
  49 wolves
  12 crocodiles
  Blork the orc (D:5)
  3 big kobolds
  2 gnoll sergeants
  Dowan (D:4)
  12 bullfrogs
  A water moccasin zombie (D:5)
  2 wyvern skeletons
  2 scorpions
  6 killer bees (D:10)
  8 wights
  7 crimson imps
  A bullfrog zombie (D:4)
  A howler monkey (D:4)
  8 hounds
  3 quasits
  2 bullfrog skeletons
  6 orc priests
  14 jellies
  A centaur skeleton (D:7)
  2 hell rats (Lair:6)
  6 iguanas
  8 orc wizards
  3 worker ants
  A hound zombie (D:7)
  2 hound skeletons
  6 gnolls
  14 adders
  9 river rats (Lair:6)
  3 shadow imps
  3 oozes
  An adder skeleton (D:4)
  A worm (D:6)
  7 dart slugs
  4 leopard geckos (D:7)
  72 orcs
  A ball python (D:3)
  4 bats
  A giant cockroach (D:1)
  6 hobgoblins
  9 jackals
  9 quokkas
  4 frilled lizards
  9 goblins
  16 kobolds
  2 quokka skeletons
  2 quokka zombies
  7 rats
  6 fungi
  4 plants
  A withered plant (D:7)
739 creatures vanquished.

Vanquished Creatures (collateral kills)
  3 hydras (Swamp:4)
  2 swamp dragons (Swamp:4)
5 creatures vanquished.

Vanquished Creatures (others)
  A spriggan druid (Swamp:4)
  A swamp drake (Swamp:1)
  6 fungi (Lair:6)
  13 plants
21 creatures vanquished.

Grand Total: 765 creatures vanquished

Notes
Turn   | Place    | Note
-------+----------+-------------------------------------------
     0 | D:1      | Kosschaser the Hill Orc Berserker began the quest for the Orb.
     0 | D:1      | Reached XP level 1. HP: 19/19 MP: 1/1
   151 | D:1      | Reached XP level 2. HP: 23/27 MP: 2/2
   705 | D:1      | Reached XP level 3. HP: 33/33 MP: 3/3
   718 | D:1      | Reached skill level 5 in Axes
  1400 | D:2      | Reached ** piety under Trog
  1579 | D:2      | Reached XP level 4. HP: 37/40 MP: 4/4
  2291 | D:3      | Reached skill level 6 in Axes
  2293 | D:3      | Reached XP level 5. HP: 46/46 MP: 5/5
  2982 | D:4      | Noticed an ogre
  2990 | D:4      | Killed an ogre
  2990 | D:4      | Reached skill level 7 in Axes
  2990 | D:4      | Reached XP level 6. HP: 46/53 MP: 6/6
  2999 | D:4      | Noticed Eustachio
  3017 | D:4      | Killed Eustachio
  3017 | D:4      | Reached skill level 5 in Fighting
  3017 | D:4      | Reached XP level 7. HP: 46/61 MP: 7/7
  3084 | D:4      | Reached skill level 8 in Axes
  3089 | D:4      | Reached *** piety under Trog
  3292 | D:4      | Noticed Sigmund
  3296 | D:4      | Killed Sigmund
  3562 | D:4      | Noticed Duvessa
  3572 | D:4      | Killed Duvessa
  3572 | D:4      | Reached skill level 9 in Axes
  3579 | D:4      | Noticed Dowan
  3593 | D:4      | Killed Dowan
  3593 | D:4      | Reached XP level 8. HP: 36/69 MP: 8/8
  3928 | D:5      | Entered Level 5 of the Dungeon
  4003 | D:5      | Noticed Blork the orc
  4010 | D:5      | Killed Blork the orc
  4138 | D:5      | Reached skill level 5 in Armour
  4140 | D:5      | Reached skill level 10 in Axes
  4220 | D:5      | Noticed Kosschaser's ghost (novice HOBe)
  4243 | D:5      | Killed Kosschaser's ghost
  4243 | D:5      | Reached skill level 11 in Axes
  4243 | D:5      | Reached XP level 9. HP: 59/78 MP: 9/9
  4245 | D:5      | Reached **** piety under Trog
  4489 | D:6      | Noticed Grinder
  4500 | D:6      | Killed Grinder
  4524 | D:6      | Found a radiant altar of Vehumet.
  4532 | D:6      | Reached skill level 12 in Axes
  4549 | D:6      | Got a pitted ring mail
  4560 | D:6      | Identified the cursed +0 ring mail "Hiatidav" {rElec} (You found it on level 6 of the Dungeon)
  4585 | D:6      | Noticed Menkaure
  4591 | D:6      | Killed Menkaure
  5171 | D:7      | Found a basalt altar of Yredelemnul.
  5380 | D:7      | Reached ***** piety under Trog
  5383 | D:7      | Reached skill level 13 in Axes
  5383 | D:7      | Reached XP level 10. HP: 86/86 MP: 10/10
  5497 | D:7      | Found a staircase to the Ecumenical Temple.
  5506 | Temple   | Entered the Ecumenical Temple
  5785 | D:7      | Gained mutation: You evolve. [mutagenic meat]
  5786 | D:7      | Gained mutation: Your body sometimes deteriorates upon taking damage. [mutagenic meat]
  5787 | D:7      | Gained mutation: You are partially covered in icy blue scales. (AC +2) [mutagenic meat]
  5788 | D:7      | Gained mutation: You are dopey. (Int -2) [mutagenic meat]
  5961 | D:7      | Received a gift from Trog
  6201 | D:8      | Reached skill level 14 in Axes
  6355 | D:8      | Found a staircase to the Lair.
  6848 | D:9      | Found a staircase to the Orcish Mines.
  7307 | D:10     | Entered Level 10 of the Dungeon
  7376 | D:10     | Noticed a two-headed ogre
  7377 | D:10     | Reached skill level 15 in Axes
  7379 | D:10     | Reached XP level 11. HP: 96/97 MP: 11/11
  7383 | D:10     | Reached skill level 5 in Dodging
  7391 | D:10     | Killed a two-headed ogre
  7894 | D:11     | Noticed a cyclops
  7897 | D:11     | Noticed Urug
  7902 | D:11     | Killed a cyclops
  7902 | D:11     | Reached skill level 10 in Fighting
  7911 | D:11     | Killed Urug
  7956 | D:11     | Received a gift from Trog
  7973 | D:11     | Reached skill level 16 in Axes
  8207 | D:11     | Noticed a purple ugly thing
  8228 | D:11     | Killed a purple ugly thing
  8232 | D:11     | Gained mutation: You are resistant to electric shocks. (rElec) [mutagenic meat]
  8406 | D:11     | Noticed a two-headed ogre
  8418 | D:11     | Killed a two-headed ogre
  8459 | D:11     | Noticed Josephine
  8669 | D:11     | Found an ancient bone altar of Kikubaaqudgha.
  8933 | Orc:1    | Entered Level 1 of the Orcish Mines
  8985 | Orc:1    | Found a flagged portal.
  9117 | Orc:1    | Gained mutation: You have a pair of small antennae on your head. [evolution]
  9148 | Bailey   | Entered a bailey
  9166 | Bailey   | Reached XP level 12. HP: 80/110 MP: 12/12
 10705 | Orc:2    | Entered Level 2 of the Orcish Mines
 10705 | Orc:2    | Found Zehi's Food Boutique.
 10705 | Orc:2    | Found Gaefani's Book Boutique.
 10712 | Orc:2    | Reached skill level 1 in Shields
 10714 | Orc:2    | Found Vuical's Jewellery Boutique.
 10750 | Orc:2    | Received a gift from Trog
 10833 | Orc:2    | Found a staircase to the Elven Halls.
 10858 | Orc:2    | Noticed a two-headed ogre
 10865 | Orc:2    | Killed a two-headed ogre
 10872 | Orc:2    | Found Tyge's Jewellery Shop.
 11076 | Orc:2    | Found Teacopn's Jewellery Emporium.
 11076 | Orc:2    | Found Gysuw's Food Emporium.
 11076 | Orc:2    | Found Kudedeplis's Book Emporium.
 11076 | Orc:2    | Found Wuatuokh's Assorted Antiques.
 11076 | Orc:2    | Noticed an orc high priest
 11076 | Orc:2    | Noticed an orc high priest
 11076 | Orc:2    | Noticed an orc high priest
 11077 | Orc:2    | Noticed an orc high priest
 11211 | Lair:1   | Entered Level 1 of the Lair of Beasts
 11243 | Lair:1   | Noticed an eight-headed hydra
 11267 | Lair:1   | Killed an 18-headed hydra
 11649 | Lair:1   | Reached skill level 17 in Axes
 12001 | Lair:1   | Gained mutation: You have supernaturally acute eyesight. (SInv) [evolution]
 12022 | Lair:1   | Noticed Grum
 12035 | Lair:1   | Killed Grum
 12619 | Lair:2   | Reached skill level 5 in Shields
 12829 | Lair:2   | Received a gift from Trog
 12838 | Lair:2   | Got a translucent hand axe {god gift}
 12839 | Lair:2   | Identified the +9 hand axe of Discord {chop, -Tele +Rage rElec Dex+4} (Trog gifted it to you on level 2 of the Lair of Beasts)
 13083 | Lair:2   | Found a staircase to the Swamp.
 13089 | Lair:2   | Reached XP level 13. HP: 122/122 MP: 13/13
 13377 | Lair:3   | Identified 2 scrolls of acquirement
 13408 | Lair:3   | Got a heavily runed lapis lazuli ring
 13410 | Lair:3   | Identified the ring of Abuloag {rN+ SInv} (You acquired it on level 3 of the Lair of Beasts)
 13610 | Lair:3   | Found a staircase to the Snake Pit.
 14926 | Lair:4   | Reached skill level 10 in Shields
 16066 | Lair:5   | Gained mutation: Your spells are a little harder to cast, but a little more powerful. [evolution]
 16483 | Lair:5   | Reached XP level 14. HP: 111/132 MP: 14/14
 16712 | Lair:6   | Entered Level 6 of the Lair of Beasts
 16873 | Lair:6   | Found a staircase to the Slime Pits.
 16983 | Lair:6   | Received a gift from Trog
 17163 | Lair:6   | Reached skill level 18 in Axes
 17423 | Lair:6   | Noticed a dire elephant
 17948 | Lair:4   | Reached skill level 10 in Armour
 18281 | Swamp:1  | Entered Level 1 of the Swamp
 18449 | Swamp:1  | Reached skill level 15 in Fighting
 18940 | Swamp:1  | Noticed Donald
 18958 | Swamp:1  | Killed Donald
 19272 | Swamp:2  | Received a gift from Trog
 19288 | Swamp:2  | Reached XP level 15. HP: 141/141 MP: 15/15
 20234 | Swamp:2  | Lost mutation: You are dopey. (Int -2) [evolution]
 20899 | Swamp:3  | Reached skill level 19 in Axes
 20950 | Swamp:3  | Got a jasper-studded scale mail
 20961 | Swamp:3  | Identified the cursed +0 scale mail of Utas Fei {rElec} (You found it on level 3 of the Swamp)
 21063 | Swamp:3  | Received a gift from Trog
 21068 | Swamp:3  | Got an ichor-stained war axe {god gift}
 21070 | Swamp:3  | Identified the +10 war axe "Muimyxt" {venom, Str+3 Stlth+} (Trog gifted it to you on level 3 of the Swamp)
 21317 | Swamp:3  | Found a glowing golden altar of the Shining One.
 21502 | Swamp:3  | Noticed a thorn hunter
 21514 | Swamp:3  | Killed a thorn hunter
 21582 | Swamp:4  | Entered Level 4 of the Swamp
 22475 | Swamp:4  | Lost mutation: Your body sometimes deteriorates upon taking damage. [evolution]
 22690 | Swamp:4  | Reached skill level 10 in Dodging
 23055 | Swamp:4  | Reached skill level 15 in Shields
 23257 | Swamp:4  | Reached XP level 16. HP: 106/151 MP: 16/16
 23283 | Swamp:4  | Noticed a thorn hunter
 23290 | Swamp:4  | Slain by a thorn hunter

Skill      XL: |  1  2  3  4  5  6  7  8  9 10 11 12 13 14 15 |
---------------+----------------------------------------------+-----
Axes           | 5 6 7 9 11 13 15 16 17 18 19 | 19.4
Dodging        | 2 3 4 5 6 7 8 10 | 10.2
Fighting       | 4 5 6 7 9 11 13 14 15 16 | 16.2
Armour         | 3 4 5 7 8 9 10 | 10.5
Shields        | 6 12 14 15 | 15.1
Evocations     | |  0.2

Action                   |  1- 3 |  4- 6 |  7- 9 | 10-12 | 13-15 | 16-18 || total
-------------------------+-------+-------+-------+-------+-------+-------++-------
Melee: Hand axe          |   104 |    12 |       |   555 |   484 |       ||  1155
       War axe           |       |    63 |   261 |   161 |   140 |     8 ||   633
       Broad axe         |       |       |       |       |   682 |       ||   682
Invok: Trog's Hand       |       |       |     2 |     2 |     5 |       ||     9
       Berserk           |       |       |     2 |     2 |    10 |       ||    14
       Burn Spellbooks   |       |       |       |     1 |       |       ||     1
       Brothers in Arms  |       |       |       |       |     2 |       ||     2
Evoke: Wand              |       |       |       |     1 |     4 |       ||     5
       Box of beasts     |       |       |       |     1 |       |       ||     1
  Use: Scroll            |       |       |     7 |    16 |    16 |     1 ||    40
       Potion            |       |       |     1 |       |     3 |       ||     4
 Stab: Petrified         |       |       |       |       |    12 |       ||    12
       Distracted        |       |       |       |       |     1 |       ||     1
  Eat: Chunk             |     2 |     4 |    13 |    35 |    38 |       ||    92
       Meat ration       |       |       |       |       |     2 |       ||     2
       Royal jelly       |       |       |       |       |     1 |       ||     1
Armor: Animal skin       |    12 |       |       |       |       |       ||    12
       Ring mail         |    23 |    22 |    91 |   259 |   462 |     8 ||   865
Dodge: Dodged            |    71 |    46 |   130 |   455 |   802 |     5 ||  1509
Block: Buckler           |       |       |       |    41 |   300 |       ||   341
       Shield            |       |       |       |       |   583 |    15 ||   598
       Reflection        |       |       |       |       |     3 |       ||     3
